 Dungeon Crawl Stone Soup version 0.30-a0-457-g4b7bca3bfa (webtiles) character file.

Game seed: 12171044961622412688

690 cforsyth the Trooper (level 7, -10/94 HPs)
             Began as a Minotaur Berserker on Dec 13, 2022.
             Was an Elder of Trog.
             Mangled by a two-headed ogre
             ... wielding a +0 giant spiked club
              (21 damage)
             ... on level 6 of the Dungeon.
             The game lasted 00:06:09 (5012 turns).

cforsyth the Trooper (Minotaur Berserker)           Turns: 5012, Time: 00:06:10

Health: -10/94     AC: 14    Str: 24    XL:     7   Next: 36%
Magic:  6/6        EV:  8    Int:  4    God:    Trog [****..]
Gold:   300        SH:  0    Dex:  9    Spells: 6/6 levels left

rFire   . . .      SeeInvis .    a - +0 hand axe
rCold   . . .      Faith    .    (no shield)
rNeg    . . .      Spirit   .    f - +0 plate armour
rPois   .          Reflect  .    e - +1 hat
rElec   .          Harm     .    (no cloak)
rCorr   .          Rampage  .    (no gloves)
Will    .....                    y - +0 pair of boots
Stlth   ..........               (no amulet)
HPRegen 0.35/turn                (no ring)
MPRegen 0.10/turn                (no ring)

@: berserking, very quick
A: horns 2, retaliatory headbutt
a: Renounce Religion, Berserk, Trog's Hand, Brothers in Arms


You were on level 6 of the Dungeon.
You worshipped Trog.
Trog was greatly pleased with you.
You visited 1 branch of the dungeon, and saw 6 of its levels.
You also visited: Sewer.

You collected 300 gold pieces.

Inventory:

Hand Weapons
 a - a +0 hand axe (weapon)
Missiles
 h - 2 throwing nets (quivered)
Armour
 e - a +1 hat (worn)
 f - a +0 plate armour (worn)
 y - a +0 pair of boots (worn)
Jewellery
 b - a ring of willpower
 t - the ring "Qyroul" {*Corrode rN+ Will+ Str+2}
   (You found it on level 3 of the Dungeon)

   [ring of positive energy]

   Str:       It affects your strength (+2).
   rN:        It protects you from negative energy.
   *Corrode:  It may corrode you when you take damage.
   Will:      It increases your willpower.
Wands
 q - a wand of mindburst (9)
Scrolls
 d - 9 scrolls of identify {unknown}
 g - 2 scrolls of vulnerability
 i - 2 scrolls of teleportation
 r - a scroll of enchant weapon {unknown}
 s - 3 scrolls of poison
 v - 2 scrolls of summoning {unknown}
 w - 2 scrolls of magic mapping {unknown}
 x - a scroll of blinking {unknown}
Potions
 c - 3 potions of flight {unknown}
 j - 2 potions of brilliance {unknown}
 k - 4 potions of heal wounds {unknown}
 l - 3 potions of curing {unknown}
 m - 3 potions of invisibility {unknown}
 n - a potion of attraction {unknown}
 o - 3 potions of mutation {unknown}
 p - 2 potions of haste {unknown}
 u - 2 potions of cancellation {unknown}


   Skills:
 + Level 6.0 Fighting
 + Level 6.0 Axes
 + Level 5.3 Armour
 + Level 4.9 Dodging


You had 6 spell levels left.
You didn't know any spells.
Your spell library was empty.

Dungeon Overview and Level Annotations

Branches:
Dungeon (6/15)             Temple (0/1) D:6           Sewer (visited)

Altars:
Ashenzari


Innate Abilities, Weirdness & Mutations

You have a pair of horns on your head.
You reflexively headbutt those who attack you in melee.


Message History

You barely miss the ice beast.
You headbutt the ice beast, but do no damage.
The ice beast hits you but does no damage.
You slash the ice beast! You headbutt the ice beast!
The ice beast is heavily wounded.
The ice beast hits you but does no damage.
You barely miss the ice beast.
The ice beast is heavily wounded.
The ice beast closely misses you.
You closely miss the ice beast. Your headbutt misses the ice beast.
The ice beast is heavily wounded.
You hit the two-headed ogre. The ice beast hits you. The ice beast freezes you!
The two-headed ogre hits you with a +0 giant spiked club!
The two-headed ogre barely misses you.
You are too injured to fight recklessly!
You are too injured to fight recklessly!
You are too injured to fight recklessly!
You are too injured to fight recklessly!
A red film seems to cover your vision as you go berserk!
You feel yourself moving faster!
You feel mighty! The ice beast hits you. The ice beast freezes you!
You hit the two-headed ogre but do no damage.
You headbutt the two-headed ogre!
The two-headed ogre is lightly wounded.
You hit the ice beast but do no damage.
The two-headed ogre hits you with a +0 giant spiked club! x2
* * * LOW HITPOINT WARNING * * *
You slash the two-headed ogre! You headbutt the two-headed ogre!
The two-headed ogre is heavily wounded.
You slash the ice beast!
The ice beast hits you but does no damage.
You slash the two-headed ogre!
The two-headed ogre is almost dead.
You slash the ice beast!
You kill the ice beast!
Trog accepts your kill.
The two-headed ogre hits you with a +0 giant spiked club!
* * * LOW HITPOINT WARNING * * *
The two-headed ogre hits you with a +0 giant spiked club!!
You die...

+........###.........
#................<###
#.... .#.....#....#
#....###..>..###..#
#......#.....#...##
#.................
#........###.......
##########?..#...#.##.#
.......@.....#..##....#
......O....#...########
...........#####
...........#
...........#
.......)...#
...........#
.?...#######


You could see a two-headed ogre.

Vanquished Creatures
  A water moccasin (D:5)
  An ice beast (D:6)
  A necrophage (D:5)
  A scorpion (D:5)
  A jelly (D:5)
  2 hounds
  2 iguanas
  12 gnolls
  7 adders
  2 white imps (D:5)
  2 ufetubi (D:5)
  6 dart slugs
  4 orcs
  8 ball pythons
  9 bats
  5 endoplasms
  8 giant cockroaches
  5 goblins
  4 hobgoblins
  6 jackals (D:1)
  6 quokkas
  4 frilled lizards
  25 kobolds
  7 rats
129 creatures vanquished.

Vanquished Creatures (others)
  5 plants (Sewer)
5 creatures vanquished.

Grand Total: 134 creatures vanquished

Notes
Turn   | Place    | Note
-------+----------+-------------------------------------------
     0 | D:1      | cforsyth the Minotaur Berserker began the quest for the
                  | Orb.
     0 | D:1      | Reached XP level 1. HP: 19/19 MP: 0/0
   111 | D:1      | You fall into a shaft and drop 1 floor!
   208 | D:1      | Reached XP level 2. HP: 21/27 MP: 1/1
   519 | D:1      | Reached XP level 3. HP: 33/33 MP: 2/2
   765 | D:1      | Reached ** piety under Trog
  1637 | D:3      | Reached XP level 4. HP: 40/41 MP: 3/3
  1685 | D:3      | Identified the ring "Qyroul" {*Corrode rN+ Will+ Str+2}
  2614 | D:4      | Found a glowing drain.
  2646 | D:4      | Reached *** piety under Trog
  2649 | D:4      | Reached XP level 5. HP: 46/47 MP: 4/4
  2669 | Sewer    | Entered a sewer
  3523 | D:4      | Reached skill level 5 in Fighting
  3531 | D:4      | Reached skill level 5 in Axes
  3606 | D:4      | Reached XP level 6. HP: 54/56 MP: 5/5
  3878 | D:5      | Entered Level 5 of the Dungeon
  3949 | D:5      | Reached **** piety under Trog
  4506 | D:5      | Found a broken altar of Ashenzari.
  4663 | D:5      | Reached skill level 5 in Armour
  4663 | D:5      | Reached XP level 7. HP: 52/62 MP: 6/6
  4980 | D:6      | Found a staircase to the Ecumenical Temple.
  5003 | D:6      | Noticed a two-headed ogre
  5012 | D:6      | Mangled by a two-headed ogre

Illustrated notes

Levels and vault maps discovered:
D:1:      minmay_arrival_widening_spiral_wide, layout_basic, minmay_tromino_mix6
D:2:      layout_loops_cross, minmay_stone_trees_medium
D:3:      layout_basic, minmay_cupped
D:4:      layout_loops_ring, gup_sewer_entry_glass
D:5:      layout_loops_ring, kennysheep_little_box, minmay_misc_feat_rows
D:6:      layout_basic, pdpol_temple_overflow_zin_treasury_gozag_greed,
          minmay_temple_entry_tees

Skill      XL: |  1  2  3  4  5  6  7 |
---------------+----------------------+-----
Fighting       | 4 5 6 |  6.0
Axes           | 4 5 6 |  6.0
Armour         | 3 4 5 |  5.3
Dodging        | 3 4 |  4.9

Action                   |  1- 3 |  4- 6 |  7- 9 || total
-------------------------+-------+-------+-------++-------
Melee: Hand axe          |   102 |   195 |    19 ||   316
       Headbutt          |    17 |    32 |     8 ||    57
       Punch             |       |     1 |       ||     1
Invok: Berserk           |       |     2 |     1 ||     3
  Use: Scroll            |       |     7 |       ||     7
Armor: Animal skin       |     1 |       |       ||     1
       Plate armour      |    49 |   153 |    11 ||   213
Dodge: Dodged            |    43 |    79 |     6 ||   128

Table legend: (Time is in decaauts)
 A = Elapsed time spent in this place.
 B = Non-inter-level travel time spent in this place.
 C = Inter-level travel time spent in this place.
 D = Time resting spent in this place.
 E = Time spent auto-exploring this place.
 F = Levels seen in this place.
 G = Mean time per level.
                   A        B        C        D        E       F      G
               +--------+--------+--------+--------+--------+-----+--------+
         Total |   5080 |   4930 |    150 |    400 |   3734 |   7 |  725.7 |
       Dungeon |   4670 |   4520 |    150 |    400 |   3421 |   6 |  778.3 |
         Sewer |    409 |    409 |      0 |      0 |    313 |   1 |  409.0 |
               +--------+--------+--------+--------+--------+-----+--------+

Top non-repeatable levels by time:
     D:5: 1110 daAuts
     D:4: 954 daAuts
     D:1: 940 daAuts
     D:3: 933 daAuts
     D:2: 697 daAuts
   Sewer: 409 daAuts
     D:6: 35 daAuts
